Map: Kairos Junction LE

Players

Serral

  • Race: Zerg Zerg
  • Spawn Location: 5:00

Reynor - Winner!

  • Race: Zerg Zerg
  • League: Master
  • Spawn Location: 11:00

Event: 2019 WCS Winter Europe

VOD

Have the link to the VOD?

Description

Time

  • Played on: April 7, 2019, 3:48 p.m.
  • Length: 10:52

All games in this series

Show
View Real Time Build Order
Export as new Build Order

Serral Zerg 

Build Orders: Hatch First 

Get SALT Encoding   

  12  0:00  Drone  
  13  0:12  Overlord  
  13  0:16  Drone  
  14  0:30  Drone x2  
  16  0:47  Hatchery  
  15  0:50  Drone  
  15  0:54  Drone  
  17  1:08  Spawning Pool  
  17  1:10  Extractor  
  15  1:12  Drone  
  15  1:16  Drone  
  17  1:19  Drone  
  18  1:27  Drone  
  19  1:38  Drone  
  20  1:49  Overlord  
  20  1:54  Queen  
  20  1:59  Queen  
  25  2:01  Drone x2  
  26  2:10  Drone x2  
  28  2:21  Drone  
  28  2:22  Drone  
  30  2:32  Overlord  
  30  2:34  Drone  
  30  2:35  Queen  
  30  2:36  Lair  
  33  2:42  Drone  
  33  2:43  Drone  
  35  2:46  Evolution Chamber  
  34  2:54  Drone, Roach Warren  
  34  2:58  Overlord  
  34  3:02  Drone  
  34  3:05  Overlord  
  35  3:08  Drone  
  36  3:15  Zerg Missile Weapons Level 1  
  36  3:17  Drone x2  
  38  3:20  Drone x2  
  38  3:23  Extractor  
  38  3:24  Drone, Extractor  
  39  3:33  Glial Reconstitution  
  39  3:41  Queen  
  39  3:42  Roach  
  39  3:46  Roach  
  45  3:50  Roach  
  45  3:52  Overlord  
  49  3:55  Roach  
  49  3:57  Roach  
  51  4:03  Overlord  
  51  4:06  Overlord  
  51  4:10  Roach x3  
  51  4:14  Roach  
  59  4:21  Overlord  
  59  4:23  Roach  
  61  4:29  Roach  
  63  4:32  Roach  
  63  4:37  Roach  
  67  4:42  Roach  
  69  4:48  Roach  
  69  4:51  Roach x3  
  77  4:59  Roach x2  
  81  5:09  Overlord  
  81  5:14  Roach  
  81  5:21  Overlord  
  85  5:28  Roach x4  
  85  5:32  Drone  
  85  5:33  Zerg Missile Weapons Level 2  
  92  5:41  Drone x2, Hatchery  
  93  5:47  Drone, Queen  
  96  5:53  Overlord  
  96  5:58  Overseer  
  96  6:01  Drone  
  96  6:02  Drone x3  
  96  6:03  Overlord  
  100  6:17  Overlord  
  100  6:18  Roach  
  102  6:24  Roach x2  
  106  6:33  Roach x3  
  114  6:43  Overlord  
  114  6:44  Roach x2  
  114  6:46  Overseer  
  116  6:52  Ravager  
  116  6:53  Ravager x3  
  120  6:55  Overlord  
  120  6:56  Overlord  
  120  7:07  Roach x5  
  130  7:10  Overlord  
  130  7:12  Overlord  
  134  7:17  Drone  
  134  7:18  Drone x3  
  134  7:19  Spore Crawler  
  134  7:20  Drone, Spore Crawler  
  133  7:24  Queen  
  133  7:26  Drone x2  
  137  7:33  Drone x3  
  137  7:34  Drone  
  141  7:37  Spore Crawler  
  141  7:39  Drone  
  141  7:40  Drone  
  141  7:42  Drone  
  143  7:46  Queen  
  143  7:50  Queen  
  147  7:55  Overlord  
  147  7:57  Overlord  
  147  8:00  Overlord  
  147  8:03  Roach x2  
  151  8:09  Extractor, Overlord x2  
  150  8:14  Roach x2  
  150  8:19  Roach, Overlord  
  156  8:24  Roach x2  
  156  8:26  Roach  
  160  8:27  Roach  
  160  8:33  Roach  
  160  8:34  Roach x2  
  166  8:40  Roach x3  
  172  8:45  Roach x3  
  180  8:48  Roach  
  180  8:53  Roach x2  
  184  8:59  Roach  
  184  9:00  Overlord x2  
  186  9:22  Roach x7  
  194  9:33  Roach x4  
  194  9:39  Roach x2  
  180  9:45  Roach  
  180  9:46  Roach x2  
  139  9:56  Roach x5  
  125  10:02  Roach  
  104  10:07  Roach x2, Queen  
  104  10:08  Queen x2  
  104  10:09  Roach  
  102  10:17  Roach x2  
  102  10:19  Roach  
  108  10:27  Roach x2  
  98  10:30  Roach  
Show
View Real Time Build Order
Export as new Build Order

Reynor Zerg - Winner!

Build Orders: Hatch First 

Get SALT Encoding   

  12  0:00  Drone  
  13  0:12  Overlord  
  13  0:16  Drone  
  14  0:30  Drone x2  
  16  0:49  Hatchery  
  15  0:51  Drone  
  15  0:55  Drone  
  17  1:08  Spawning Pool  
  16  1:12  Drone  
  16  1:15  Drone  
  18  1:18  Extractor  
  18  1:20  Drone  
  18  1:28  Drone  
  19  1:38  Drone  
  20  1:49  Drone  
  21  1:58  Evolution Chamber, Queen  
  21  2:00  Drone, Queen  
  25  2:02  Drone  
  26  2:10  Overlord  
  26  2:13  Drone  
  27  2:21  Drone  
  28  2:30  Drone  
  28  2:32  Drone  
  30  2:37  Hatchery  
  29  2:45  Zerg Ground Armor Level 1  
  29  2:47  Drone  
  29  2:50  Drone  
  31  2:55  Overlord  
  31  2:56  Drone  
  32  3:00  Drone  
  33  3:07  Drone x3  
  33  3:12  Overlord  
  36  3:13  Queen  
  36  3:17  Drone  
  36  3:19  Drone  
  40  3:21  Drone  
  40  3:23  Drone  
  40  3:24  Drone  
  40  3:26  Drone  
  44  3:32  Drone  
  45  3:38  Drone  
  45  3:39  Drone  
  47  3:45  Roach Warren  
  47  3:46  Drone  
  47  3:49  Drone  
  47  3:50  Drone  
  47  3:53  Drone x2  
  47  3:54  Drone  
  47  3:55  Extractor  
  51  3:56  Extractor  
  51  3:58  Overlord  
  51  3:59  Drone  
  51  4:01  Drone  
  51  4:02  Drone  
  53  4:04  Drone  
  53  4:06  Drone  
  55  4:10  Drone  
  55  4:12  Drone  
  55  4:14  Overlord  
  57  4:21  Spine Crawler  
  56  4:25  Roach x5  
  56  4:27  Overlord  
  56  4:30  Spine Crawler  
  65  4:31  Overlord  
  65  4:35  Spine Crawler  
  65  4:36  Roach  
  67  4:39  Lair  
  67  4:44  Overlord  
  67  4:46  Roach  
  67  4:47  Roach x2  
  73  4:54  Roach x3  
  73  4:57  Roach  
  81  5:01  Overlord  
  81  5:04  Roach x2  
  85  5:08  Roach Warren  
  84  5:17  Queen  
  84  5:30  Extractor  
  84  5:31  Overlord  
  83  5:39  Zerg Missile Weapons Level 1  
  81  5:42  Spine Crawler  
  81  5:47  Overlord x2  
  81  5:48  Roach x3  
  81  5:49  Glial Reconstitution  
  84  5:50  Overlord  
  84  5:57  Overlord, Spire  
  84  5:58  Overlord  
  83  6:04  Overlord  
  83  6:08  Roach x2  
  87  6:13  Roach  
  87  6:16  Roach  
  91  6:18  Hatchery  
  91  6:20  Roach  
  91  6:23  Roach  
  94  6:26  Roach x2  
  99  6:33  Roach  
  99  6:34  Roach  
  99  6:39  Roach  
  105  6:43  Roach x2, Hatchery  
  108  6:52  Overlord  
  108  7:09  Mutalisk x5  
  108  7:11  Drone x5  
  123  7:22  Mutalisk  
  125  7:24  Drone x4  
  129  7:32  Overlord  
  129  7:34  Zerg Missile Weapons Level 2  
  129  7:35  Overlord  
  129  7:41  Roach  
  131  7:45  Overlord  
  131  7:53  Roach x3  
  131  7:54  Roach x3  
  131  7:57  Roach  
  145  8:03  Drone  
  146  8:06  Roach x2  
  146  8:07  Extractor  
  146  8:08  Extractor, Drone  
  146  8:12  Roach x2  
  153  8:15  Ravager  
  153  8:17  Roach x2  
  158  8:21  Overlord  
  158  8:23  Roach  
  161  8:29  Overlord  
  161  8:38  Overlord  
  161  8:40  Roach x3  
  161  8:41  Roach  
  169  8:42  Overlord  
  169  8:48  Roach  
  169  8:49  Roach x3  
  169  8:50  Ravager  
  169  8:53  Overlord  
  178  8:57  Overlord  
  178  9:00  Ravager x2  
  178  9:01  Roach  
  178  9:02  Roach x3  
  188  9:11  Ravager  
  188  9:12  Roach x4  
  188  9:13  Roach  
  199  9:23  Roach x2  
  189  9:37  Roach x9  
  199  9:45  Roach x2  
  175  9:47  Roach x4  
  175  9:51  Roach x2  
  154  9:58  Roach x3  
  154  9:59  Roach  
  133  10:03  Roach  
  133  10:06  Roach x2  
  131  10:09  Roach x2  
  131  10:12  Roach  
  133  10:16  Extractor  
  133  10:19  Drone x5  
  137  10:25  Roach x2  
  137  10:27  Roach  
  133  10:31  Roach  
  133  10:32  Roach  
Tags
 
Add a new tag
Caveats
  • Supply blocks, unpowered buildings, or Contaminate may cause inaccurate times.
  • Supply counts are checked every 10 seconds.